 Dungeon Crawl Stone Soup version 0.27.1 (webtiles) character file.

Game seed: 14983494167058533813

121 DearestLeader the Grave Robber (level 5, 0/37 HPs)
             Began as a Gnoll Necromancer on Aug 31, 2021.
             Slain by Pikel (9 damage)
             ... on level 4 of the Dungeon.
             The game lasted 00:05:44 (3422 turns).

DearestLeader the Grave Robber (Gnoll Necromancer)  Turns: 3422, Time: 00:05:45

Health: 0/37       AC:  2    Str:  8    XL:     5   Next: 5%
Magic:  3/12       EV: 13    Int: 15    God:
Gold:   92         SH:  0    Dex: 12    Spells: 9/14 levels left

rFire    . . .     SeeInvis .   b - +0 whip
rCold    . . .     Faith    .   (no shield)
rNeg     . . .     Spirit   .   a - +0 robe
rPois    .         Reflect  .   (no helmet)
rElec    .         Harm     .   (no cloak)
rCorr    .         Rampage  .   (no gloves)
Will     .....                  (no boots)
Stlth    +++.......             k - amulet of magic regeneration
HPRegen  0.12/turn              (no ring)
MPRegen  0.38/turn              (no ring)

@: no status effects
A: fangs 1, strong nose, distributed training
a: no special abilities


You were on level 4 of the Dungeon.
You visited 1 branch of the dungeon, and saw 4 of its levels.

You collected 92 gold pieces.

Inventory:

Hand Weapons
 b - a +0 whip (weapon)
Missiles
 d - 143 stones
 f - 43 bolts
 h - 45 arrows
Armour
 a - a +0 robe (worn)
 n - a +0 chain mail
Jewellery
 g - an amulet of faith
 k - an amulet of magic regeneration (around neck)
Scrolls
 c - a scroll of noise
Potions
 e - a potion of degeneration {unknown}
 i - a potion of mutation {unknown}
 j - a potion of lignification {unknown}
 m - a potion of heal wounds
 o - 2 potions of might {unknown}
 r - a potion of curing {unknown}


   Skills:
 + Level 1.3 Fighting
 + Level 1.3 Short Blades
 + Level 1.3 Long Blades
 + Level 1.3 Axes
 + Level 1.3 Maces & Flails
 + Level 1.3 Polearms
 + Level 1.3 Staves
 + Level 1.3 Slings
 + Level 1.3 Bows
 + Level 1.3 Crossbows
 + Level 1.3 Throwing
 + Level 1.3 Armour
 + Level 4.7 Dodging
 + Level 4.3 Stealth
 + Level 1.3 Shields
 + Level 1.3 Unarmed Combat
 + Level 5.1 Spellcasting
 + Level 1.0 Conjurations
 + Level 1.0 Hexes
 + Level 1.0 Summonings
 + Level 7.1 Necromancy
 + Level 1.0 Translocations
 + Level 1.0 Transmutations
 + Level 1.0 Fire Magic
 + Level 1.0 Ice Magic
 + Level 1.0 Air Magic
 + Level 1.0 Earth Magic
 + Level 1.0 Poison Magic
 + Level 1.4 Invocations
 + Level 1.3 Evocations


You had 9 spell levels left.
You knew the following spells:

 Your Spells              Type           Power      Damage    Failure   Level
a - Pain                  Necr           100%       1d9       1%          1
b - Animate Skeleton      Necr           50%        N/A       1%          1
c - Vampiric Draining     Necr           12%        2d7       2%          3

Your spell library contained the following spells:

 Spells                   Type           Power      Damage    Failure   Level
 Animate Dead             Necr           12%        N/A       9%          4
 Agony                    Necr           25%        N/A       24%         5
 Frozen Ramparts          Ice            14%        1d3       30%         3
 Ice Form                 Ice/Tmut       7%         N/A       71%         4
 Summon Ice Beast         Ice/Summ       7%         N/A       71%         4


Dungeon Overview and Level Annotations

Branches:
Dungeon (4/15)
 Temple: D:4-7

Altars:

Shops:
D:2 *

Annotations:
D:4 3 runed translucent doors, Pikel


Innate Abilities, Weirdness & Mutations

You have very sharp teeth.
Your uncanny sense of smell can sniff out nearby items.
Your experience applies equally to all skills.


Message History

Aim: Pikel, wielding a +2 whip of freezing and wearing a +0 robe (heavily wounded)
You draw life force from Pikel!
You feel life coursing into your body.
Pikel drinks a potion.
Pikel is healed!
Casting: Vampiric Draining (dangerous; 2% risk of failure)
Confirm with . or Enter, or press ? or * to list all spells.
Aiming: Vampiric Draining (dangerous; 2% risk of failure)
Press: ? - help, Shift-Dir - straight line, f/p - Pikel
Aim: Pikel, wielding a +2 whip of freezing and wearing a +0 robe You draw life force from Pikel!
You feel life coursing into your body!
Pikel hits you with a +2 whip of freezing.
Pikel freezes you.
Casting: Vampiric Draining (dangerous; 2% risk of failure)
Confirm with . or Enter, or press ? or * to list all spells.
You don't have enough magic to cast this spell.
Casting: Vampiric Draining (dangerous; 2% risk of failure)
Confirm with . or Enter, or press ? or * to list all spells.
Aiming: Pain (safe; 1% risk of failure)
Press: ? - help, Shift-Dir - straight line, f/p - Pikel
Aim: Pikel, wielding a +2 whip of freezing and wearing a +0 robe (moderately wounded, chance to affect: 84%) Pikel barely resists.
Pikel closely misses you.
Casting: Pain (safe; 1% risk of failure)
Confirm with . or Enter, or press ? or * to list all spells.
Aiming: Pain (safe; 1% risk of failure)
Press: ? - help, Shift-Dir - straight line, f/p - Pikel
Aim: Pikel, wielding a +2 whip of freezing and wearing a +0 robe (moderately wounded, chance to affect: 84%) Pikel writhes in agony.
Pikel hits you with a +2 whip of freezing!
Pikel freezes you.
* * * LOW HITPOINT WARNING * * *
3 orcs come into view.
Found a stone staircase leading down.
The orc shouts! x2; You hear a shout!
An orc comes into view. It is wielding a +0 short sword.
The orc shouts! 2 orcs come into view.
The orc shouts!
You hear a shout!
An ufetubus comes into view.
The orc barely misses you.
Pikel hits you with a +2 whip of freezing!
You die...

,,* *,**.#..###.#.#
*******#.## ,,*
*,,,......W.#.# *,*,*,#..#
,,*
***#.#..###K#.###*,,,Z.#..#
,,*
*.............+**,...+..#
,,*
*#....###5.####*,∆...+..#
,,* *#..,* #5.# **∆...+.#*
,,******##..o**#5.#
***,,,,,*,*
,,,,,,,,.....o##K5#
*,*,*,*,*,*
,,,,,,,,..5.ooo.@.#
*,*********
,,*,***,###.o.###.# *,,,*
,,,,,,,,....>,,,,.#
*,,,*********
,,,,,,,,....,,<**.#
*,,,,,,,,,,,,
***,***,###**,***.#
************* * *,* *,* *,*
*.# * *,* *,*****,***.# *
*,* *,,,,,,,,,,.# *,*
*,**,**,***,*


You could see Pikel, a phantom, 4 lemures, 5 orcs, an ufetubus (wandering) and a
kobold.

Vanquished Creatures
  An iguana (D:2)
  3 adders (D:2)
  3 worms
  4 dart slugs
  An orc (D:4)
  A ball python (D:1)
  7 bats
  6 endoplasms
  5 giant cockroaches
  4 goblins
  2 hobgoblins (D:1)
  5 kobolds
  2 quokkas
  5 rats
49 creatures vanquished.

Notes
Turn   | Place    | Note
-------+----------+-------------------------------------------
     0 | D:1      | DearestLeader the Gnoll Necromancer began the quest for the
                  | Orb.
     0 | D:1      | Reached XP level 1. HP: 13/13 MP: 6/6
   281 | D:1      | Reached XP level 2. HP: 17/19 MP: 5/7
   878 | D:1      | Reached XP level 3. HP: 24/25 MP: 7/9
   999 | D:1      | Reached skill level 5 in Spellcasting
  1161 | D:2      | Reached skill level 1 in Fighting
  1161 | D:2      | Reached skill level 1 in Short Blades
  1161 | D:2      | Reached skill level 1 in Long Blades
  1161 | D:2      | Reached skill level 1 in Axes
  1161 | D:2      | Reached skill level 1 in Maces & Flails
  1161 | D:2      | Reached skill level 1 in Polearms
  1161 | D:2      | Reached skill level 1 in Staves
  1161 | D:2      | Reached skill level 1 in Slings
  1161 | D:2      | Reached skill level 1 in Bows
  1161 | D:2      | Reached skill level 1 in Crossbows
  1161 | D:2      | Reached skill level 1 in Throwing
  1161 | D:2      | Reached skill level 1 in Armour
  1161 | D:2      | Reached skill level 1 in Shields
  1161 | D:2      | Reached skill level 1 in Unarmed Combat
  1161 | D:2      | Reached skill level 1 in Invocations
  1161 | D:2      | Reached skill level 1 in Evocations
  1421 | D:2      | Learned a level 1 spell: Animate Skeleton
  1425 | D:2      | Learned a level 3 spell: Vampiric Draining
  1434 | D:2      | Noticed a necrophage
  1485 | D:2      | Reached XP level 4. HP: 16/32 MP: 1/11
  1778 | D:2      | Found a faded altar of an unknown god.
  1969 | D:2      | Found Komeck's Assorted Antiques.
  2057 | D:2      | Reached skill level 1 in Conjurations
  2057 | D:2      | Reached skill level 1 in Hexes
  2057 | D:2      | Reached skill level 1 in Summonings
  2057 | D:2      | Reached skill level 1 in Translocations
  2057 | D:2      | Reached skill level 1 in Transmutations
  2057 | D:2      | Reached skill level 1 in Fire Magic
  2057 | D:2      | Reached skill level 1 in Ice Magic
  2057 | D:2      | Reached skill level 1 in Air Magic
  2057 | D:2      | Reached skill level 1 in Earth Magic
  2057 | D:2      | Reached skill level 1 in Poison Magic
  2841 | D:3      | Reached XP level 5. HP: 32/37 MP: 8/12
  3273 | D:4      | Noticed a phantom
  3334 | D:4      | Noticed a lemure
  3381 | D:4      | Found a runed translucent gate.
  3381 | D:4      | Found a runed translucent gate.
  3381 | D:4      | Found a runed translucent gate.
  3388 | D:4      | Noticed a lemure
  3389 | D:4      | Noticed Pikel
  3389 | D:4      | Noticed a lemure
  3389 | D:4      | Noticed a lemure
  3422 | D:4      | Slain by Pikel

Illustrated notes

Levels and vault maps discovered:
D:1:      dpeg_arrival_arbitrary_a, layout_rooms
D:2:      layout_basic, hellmonk_ecumenical_altar_arch_garden, serial_shops,
          shop, minmay_tetromino_o4
D:3:      layout_basic
D:4:      cheibrodos_quashed, layout_basic, gammafunk_ghost_necromancy,
          uniq_pikel

Skill      XL: |  1  2  3  4 |
---------------+-------------+-----
Spellcasting   | 5 |  5.1
Fighting       | 1 |  1.3
Short Blades   | 1 |  1.3
Long Blades    | 1 |  1.3
Axes           | 1 |  1.3
Maces & Flails | 1 |  1.3
Polearms       | 1 |  1.3
Staves         | 1 |  1.3
Slings         | 1 |  1.3
Bows           | 1 |  1.3
Crossbows      | 1 |  1.3
Throwing       | 1 |  1.3
Armour         | 1 |  1.3
Shields        | 1 |  1.3
Unarmed Combat | 1 |  1.3
Invocations    | 1 |  1.4
Evocations     | 1 |  1.3
Conjurations   | 1 |  1.0
Hexes          | 1 |  1.0
Summonings     | 1 |  1.0
Translocations | 1 |  1.0
Transmutations | 1 |  1.0
Fire Magic     | 1 |  1.0
Ice Magic      | 1 |  1.0
Air Magic      | 1 |  1.0
Earth Magic    | 1 |  1.0
Poison Magic   | 1 |  1.0
Dodging        | |  4.7
Stealth        | |  4.3
Necromancy     | |  7.1

Action                   |  1- 3 |  4- 6 || total
-------------------------+-------+-------++-------
Melee: Whip              |       |    22 ||    22
       Bite              |       |     5 ||     5
 Cast: Pain              |    49 |    46 ||    95
       Vampiric Draining |       |     4 ||     4
  Use: Scroll            |       |     5 ||     5
 Stab: Sleeping          |       |     1 ||     1
Armor: Robe              |       |     2 ||     2
Dodge: Dodged            |     8 |    20 ||    28
